 Dungeon Crawl Stone Soup version 0.28-a0-834-g1a73be5ee4 (webtiles) character file.

Game seed: 9173480051112302713

3 flotson the Sneak (level 1, 0/18 HPs)
             Began as a Demonspawn Delver on Nov 11, 2021.
             Slain by an adder (2 damage)
             ... on level 4 of the Dungeon.
             The game lasted 00:02:39 (252 turns).

flotson the Sneak (Demonspawn Delver)                Turns: 252, Time: 00:02:39

Health: 0/18       AC:  3    Str: 12    XL:     1   Next: 41%
Magic:  1/1        EV: 11    Int: 11    God:
Gold:   32         SH:  0    Dex: 14    Spells: 0/0 levels left

rFire   . . .      SeeInvis .   b - +0 shortbow
rCold   . . .      Faith    .   (shield currently unavailable)
rNeg    . . .      Spirit   .   j - +0 leather armour
rPois   .          Reflect  .   (no helmet)
rElec   .          Harm     .   (no cloak)
rCorr   .          Rampage  .   (no gloves)
Will    .....                   (no boots)
Stlth   ++........              (no amulet)
HPRegen 0.06/turn               (no ring)
MPRegen 0.07/turn               (no ring)

@: no status effects
A: no striking features
a: no special abilities


You were on level 4 of the Dungeon.
You visited 1 branch of the dungeon, and saw 2 of its levels.

You collected 32 gold pieces.

Inventory:

Hand Weapons
 a - a +0 hand axe
 b - a +0 shortbow (weapon)
 d - a +0 arbalest
Missiles
 i - 5 boomerangs
 k - 13 arrows (quivered ammo)
Armour
 j - a +0 leather armour (worn)
Wands
 g - a wand of digging (3)
Scrolls
 c - a scroll of fog


   Skills:
 + Level 3.0 Fighting
 - Level 1.7 Axes
 + Level 0.2 Throwing
 + Level 0.2 Armour
 + Level 1.8 Dodging
 - Level 4.5 Stealth


You couldn't memorise any spells.
You didn't know any spells.
Your spell library was empty.

Dungeon Overview and Level Annotations

Branches:
Dungeon (5/15)
 Temple: D:4-7

Altars:


Message History

You shoot an arrow. The arrow hits the adder skeleton!
You destroy the adder skeleton!
Unknown command.
k - 15 arrows (gained 4)
k - 16 arrows (gained 1)
You now have 32 gold pieces (gained 14).
k - 17 arrows (gained 1)
You start resting.
You hear the slow rusting of a very distant drain.
An adder comes into view.
Found a dagger.
Your extra speed is starting to run out.
Fire: 17 arrows
Press: ? - help, Q - select action, (/) - cycle Shift-Dir - straight line, f - adder
Aim: an adder (40% to hit)
You shoot an arrow.
The arrow hits the adder but does no damage.
Fire: 16 arrows
Press: ? - help, Q - select action, (/) - cycle Shift-Dir - straight line, f/p - adder
Aim: an adder (40% to hit)
You shoot an arrow. The arrow closely misses the adder.
Fire: 15 arrows
Press: ? - help, Q - select action, (/) - cycle Shift-Dir - straight line, f/p - adder
Aim: an adder (40% to hit)
You shoot an arrow. The arrow closely misses the adder.
The adder bites you.
* * * LOW HITPOINT WARNING * * *
You aren't carrying any potions.
Fire: 14 arrows
Press: ? - help, Q - select action, (/) - cycle Shift-Dir - straight line, f/p - adder
Aim: an adder (40% to hit)
You shoot an arrow. The arrow closely misses the adder.
You feel yourself slow down. The adder bites you.
* * * LOW HITPOINT WARNING * * *
As you read the scroll labelled FIVURCH GIXKIH, it crumbles to dust.
It is a scroll of identify.
You don't have any unidentified items.
The adder barely misses you. The adder bites you.
You die...

########
##......#
#.......# ##.
#..####.###.)...
#..#....S(.(.#
#..#.##@###.##
#..#.##.#
#.......###
###.......#######
#..####.......#
#..####.......#
#....##.......#
#.##.##.......#
#.##.##...n...#


You could see an adder.

Vanquished Creatures
  An adder skeleton (D:4)
1 creature vanquished.

Notes
Turn   | Place    | Note
-------+----------+-------------------------------------------
     0 | D:5      | flotson the Demonspawn Delver began the quest for the Orb.
     0 | D:5      | Reached XP level 1. HP: 18/18 MP: 1/1
    16 | D:5      | Noticed a yak
    99 | D:5      | Noticed a sky beast
   170 | D:4      | Noticed a necrophage
   252 | D:4      | Slain by an adder

Illustrated notes

Levels and vault maps discovered:
D:4:      layout_loops_cross, cheibrodos_sewer_entry_bend
D:5:      lemuel_insect_pit, layout_basic, lemuel_doored_altar, serial_glass,
          glass_columns_c, glass_columns_c, glass_columns_c, minivault_11

Action                   || total
-------------------------++-------
 Fire: Shortbow          ||    12
Throw: Boomerang         ||     2
  Use: Scroll            ||     3
       Potion            ||     1
Armor: Leather armour    ||     1
Dodge: Dodged            ||     2

Table legend: (Time is in decaauts)
 A = Elapsed time spent in this place.
 B = Non-inter-level travel time spent in this place.
 C = Inter-level travel time spent in this place.
 D = Time resting spent in this place.
 E = Time spent auto-exploring this place.
 F = Levels seen in this place.
 G = Mean time per level.
                   A        B        C        D        E       F      G
               +--------+--------+--------+--------+--------+-----+--------+
         Total |    234 |    234 |      0 |      9 |     20 |   2 |  117.0 |
       Dungeon |    234 |    234 |      0 |      9 |     20 |   2 |  117.0 |
               +--------+--------+--------+--------+--------+-----+--------+

Top non-repeatable levels by time:
     D:5: 169 daAuts
     D:4: 65 daAuts
